 Dungeon Crawl Stone Soup version 0.21-a0-186-g02e8684 (webtiles) character file.

103844 kuschelkatze the Executioner (level 15, -14/217 HPs)
             Began as a Minotaur Berserker on Aug 13, 2017.
             Was the Champion of Trog.
             Demolished by a spriggan rider
             ... wielding a +0 spear
              (17 damage)
             ... on level 4 of the Swamp.
             The game lasted 01:25:04 (24939 turns).

kuschelkatze the Executioner (Minotaur Berserker)  Turns: 24939, Time: 01:25:05

Health: -14/217    AC: 21    Str: 31    XL:     15   Next: 90%
Magic:  14/14      EV: 19    Int:  4    God:    Trog [******]
Gold:   1577       SH:  0    Dex: 15    Spells: 14/14 levels left

rFire    . . .     SeeInvis .   G - +9 battleaxe (flame)
rCold    . . .     Gourm    .   (shield currently unavailable)
rNeg     . . .     Faith    .   E - +3 plate armour {rPois}
rPois    +         Spirit   .   (helmet restricted)
rElec    .         Reflect  .   (no cloak)
rCorr    .         Harm     .   R - +2 pair of gloves
MR       +....                  (no boots)
Stlth    ..........             n - amulet of regeneration
HPRegen  0.86/turn              l - +5 ring of evasion
MPRegen  0.14/turn              D - ring "Nats" {rPois Str+3}

@: berserking, very quick
A: retaliatory headbutt, horns 2
a: Berserk, Trog's Hand, Brothers in Arms, Burn Spellbooks, Renounce Religion


You were on level 4 of the Swamp.
You worshipped Trog.
Trog was exalted by your worship.
You were hungry.

You visited 4 branches of the dungeon, and saw 26 of its levels.
You also visited: Sewer.

You collected 2751 gold pieces.
You spent 1174 gold pieces at shops.

Inventory:

Hand Weapons
 h - a +2 antimagic battleaxe
 G - a +9 battleaxe of flaming (weapon)
 J - a +3 battleaxe of electrocution
Missiles
 v - 3 javelins of penetration (quivered)
Armour
 y - a +5 ring mail of cold resistance
 E - a +3 plate armour of poison resistance (worn)
 N - +1 swamp dragon scales
 R - a +2 pair of gloves (worn)
Jewellery
 l - a +5 ring of evasion (left hand)
 n - an amulet of regeneration (around neck)
 D - the ring "Nats" (right hand) {rPois Str+3}
   (You acquired it on level 6 of the Lair of Beasts)

   [ring of strength]

   It affects your strength (+3).
   It protects you from poison.
 M - an uncursed ring of flight
 T - the ring "Cude" {rN+ Stlth+}
   (You acquired it on level 1 of the Lair of Beasts)

   [ring of positive energy]

   It protects you from negative energy.
   It makes you more stealthy.
 X - an uncursed ring of protection from magic
Wands
 j - a wand of flame (23/48)
 p - a wand of iceblast (15/15)
 s - a wand of confusion (18/48)
 A - a wand of digging (10/24)
 W - a wand of disintegration (6/24)
Scrolls
 b - 7 scrolls of enchant weapon
 m - a scroll of random uselessness {unknown}
 q - 7 scrolls of remove curse
 r - a scroll of holy word
 w - a scroll of acquirement
 K - 4 scrolls of fear
 L - 2 scrolls of magic mapping
 U - 3 scrolls of blinking
 V - a scroll of teleportation
 Y - 2 scrolls of summoning
Potions
 d - 4 potions of berserk rage {unknown}
 e - 2 potions of degeneration {unknown}
 g - 6 potions of flight
 i - 6 potions of curing
 k - 3 potions of heal wounds
 t - 3 potions of agility {unknown}
 u - 8 potions of might
 x - 4 potions of haste {unknown}
 z - a potion of ambrosia {unknown}
 B - 2 potions of cancellation {unknown}
 C - a potion of invisibility {unknown}
 H - a potion of resistance {unknown}
 I - 3 potions of brilliance {unknown}
 O - a potion of mutation {unknown}
Comestibles
 a - 20 royal jellies
 c - 13 bread rations
 f - 14 fruits
 o - 16 meat rations


   Skills:
 * Level 16.3 Fighting
 + Level 23.4 Axes
 * Level 11.5 Armour
 * Level 9.3 Dodging
 + Level 1.9 Stealth


You had 14 spell levels left.
You didn't know any spells.

Dungeon Overview and Level Annotations

Branches:
Dungeon (14/15)            Temple (0/1) D:5            Lair (6/6) D:10
  Swamp (4/4) Lair:3        Snake (0/4) Lair:2        Slime (0/5) Lair:6
    Orc (2/2) D:12            Elf (0/3) Orc:2        Vaults (0/5) D:13

Altars:
Beogh

Shops:
D:7 (}?*   D:12 *   Orc:2 **}[:

Annotations:
Lair:2 exclusion: oklob plant


Innate Abilities, Weirdness & Mutations

You reflexively headbutt those who attack you in melee.
You have a pair of horns on your head.


Message History

* * * LOW HITPOINT WARNING * * *
The spriggan rider hits you from afar with a spear!
* * * LOW HITPOINT WARNING * * *
The blink frog completely misses you.
You feel a strong urge to attack something.
The spriggan rider hits you but does no damage.
The spriggan rider closely misses you. The blink frog hits you.
* * * LOW HITPOINT WARNING * * *
You open the blink frog like a pillowcase!!!
You burn the blink frog.
You feel the power of Trog in you as your rage grows.
You kill the blink frog!
Trog accepts your kill.
The spriggan rider hits you but does no damage.
The spriggan rider hits you from afar with a spear!
* * * LOW HITPOINT WARNING * * *
A thorn hunter comes into view.
The spriggan rider hits you but does no damage.
The spriggan rider hits you with a spear!
You die...

♣.≈≈§..≈≈.♣♣
♣♣♣♣♣.†††.♣≈≈≈≈♣♣
♣≈≈.§≈†.f.♣≈≈≈≈.♣
♣≈≈≈≈≈.≈≈..≈≈≈≈.♣♣
♣♣.≈≈≈≈.≈≈≈.≈≈≈≈...
♣♣.≈≈≈≈≈≈≈≈..≈≈≈....
♣≈≈≈≈≈≈≈F...≈≈≈≈≈≈≈≈
♣.≈≈≈≈iii♣♣.≈≈≈≈≈≈≈
♣.≈≈≈≈.@≈♣♣♣♣≈.≈.≈≈
.♣.≈≈.....≈♣♣≈♣♣...
♣≈...†≈≈≈≈§≈.♣ .≈≈
♣♣≈..≈≈≈≈≈≈≈≈. ≈≈
♣♣..<<≈≈≈≈≈≈♣
♣♣≈♣♣♣≈....♣
♣♣≈.♣♣♣♣♣≈♣♣ ♣≈..≈♣
♣♣ ♣..♣♣♣


You could see a thorn hunter, 3 spriggan riders and a blink frog.

Vanquished Creatures
  Rupert (Orc:2)
  Donald (Orc:2)
  Nessos (D:12)
  An ice dragon (Lair:6)
  11 hydras
  4 vault guards (D:13)
  Erolcha (D:12)
  A catoblepas (Lair:4)
  A centaur warrior (D:13)
  16 two-headed ogres
  4 alligators (Swamp:1)
  4 ogre magi (Orc:2)
  9 death yaks (Lair:6)
  Nergalle (D:11)
  6 skeletal warriors
  3 unseen horrors
  A shambling mangrove (Swamp:1)
  2 swamp dragons
  Pikel (D:6)
  4 lindwurms (Lair:6)
  An orc sorcerer (Orc:2)
  2 orc knights
  5 ugly things
  3 cyclopes
  6 elephants
  5 torpor snails (Lair:6)
  A centaur zombie (D:12)
  4 black mambas
  10 spiny frogs
  2 centaur skeletons (D:12)
  6 rime drakes
  6 komodo dragons
  5 polar bears
  5 trolls
  A queen bee (D:9)
  7 tyrant leeches
  8 hornets
  2 bog bodies
  25 slime creatures
  13 blink frogs
  A meliai zombie (D:13)
  4 dream sheep
  10 hippogriffs
  2 shadows
  2 wraiths
  39 yaks
  A human (shapeshifter) (D:13)
  5 basilisks
  2 hungry ghosts
  6 swamp worms
  4 vampire mosquitoes
  2 nagas (Lair:2)
  10 insubstantial wisps
  4 acid dragons
  2 hell hounds (D:10)
  8 porcupines
  10 water moccasins
  14 orc warriors
  3 swamp drakes
  4 ice beasts
  A black bear (shapeshifter) (D:13)
  A necrophage (D:10)
  4 sky beasts
  22 wolves
  3 phantoms
  31 ogres
  2 black bears
  3 centaurs
  12 crocodiles
  3 big kobolds (D:9)
  14 bullfrogs
  2 scorpions
  29 killer bees
  4 howler monkeys
  An electric eel (Lair:3)
  3 quasits (D:9)
  2 bullfrog zombies
  4 crimson imps
  10 hounds
  2 bullfrog skeletons
  11 orc priests
  8 jellies
  16 orc wizards
  5 iguanas
  9 worker ants
  2 hound zombies
  A hound skeleton (D:9)
  A howler monkey zombie (D:8)
  3 worker ant zombies
  Robin (D:3)
  4 gnolls (D:9)
  15 adders
  A river rat (D:5)
  3 shadow imps
  3 oozes
  An adder zombie (D:7)
  2 adder skeletons
  5 worms
  2 dart slugs (D:1)
  4 leopard geckos
  70 orcs
  11 bats
  3 giant cockroaches
  16 goblins
  12 hobgoblins
  9 jackals
  8 kobolds
  4 quokkas
  A ball python (D:6)
  5 frilled lizards
  A jackal skeleton (D:7)
  A quokka zombie (D:8)
  6 rats
  3 fungi
  8 plants
731 creatures vanquished.

Vanquished Creatures (collateral kills)
  A freezing wraith (D:13)
1 creature vanquished.

Vanquished Creatures (others)
  A slave (D:6)
  An orc priest (D:6)
  An orc wizard (D:6)
  A jackal zombie (D:6)
  6 fungi
  14 plants (Lair:6)
24 creatures vanquished.

Grand Total: 756 creatures vanquished

Notes
Turn   | Place    | Note
-------+----------+-------------------------------------------
     0 | D:1      | kuschelkatze the Minotaur Berserker began the quest for the Orb.
     0 | D:1      | Reached XP level 1. HP: 19/19 MP: 0/0
   188 | D:1      | Reached XP level 2. HP: 27/27 MP: 1/1
   273 | D:1      | Reached skill level 4 in Axes
   435 | D:1      | Reached XP level 3. HP: 24/33 MP: 2/2
   771 | D:1      | Reached ** piety under Trog
  1036 | D:2      | Reached XP level 4. HP: 35/41 MP: 3/3
  1712 | D:3      | Reached skill level 5 in Axes
  1836 | D:3      | Noticed Robin
  1850 | D:3      | Reached *** piety under Trog
  1851 | D:3      | Reached XP level 5. HP: 47/47 MP: 4/4
  1852 | D:3      | Killed Robin
  2300 | D:4      | Noticed a phantom
  2356 | D:4      | Killed a phantom
  2356 | D:4      | Reached skill level 6 in Axes
  2356 | D:4      | Reached XP level 6. HP: 47/53 MP: 5/5
  2571 | D:4      | Reached skill level 5 in Fighting
  3137 | D:5      | Entered Level 5 of the Dungeon
  3225 | D:5      | Noticed a sky beast
  3234 | D:5      | Reached skill level 7 in Axes
  3245 | D:5      | Killed a sky beast
  3245 | D:5      | Reached XP level 7. HP: 53/61 MP: 6/6
  3299 | D:5      | Reached skill level 8 in Axes
  3382 | D:5      | Reached **** piety under Trog
  3388 | D:5      | Found a glowing drain.
  3400 | Sewer    | Entered a sewer
  3585 | D:5      | Reached skill level 9 in Axes
  3764 | D:5      | Found a staircase to the Ecumenical Temple.
  4043 | D:6      | Noticed Pikel
  4045 | D:6      | Reached XP level 8. HP: 41/68 MP: 7/7
  4056 | D:6      | Killed Pikel
  4056 | D:6      | Reached skill level 11 in Axes
  4484 | D:6      | Reached skill level 12 in Axes
  4981 | D:7      | Found Piungitt's Weapon Shoppe.
  5014 | D:7      | Reached ***** piety under Trog
  5036 | D:7      | Found Picseudd's Gadget Boutique.
  5107 | D:7      | Reached XP level 9. HP: 42/74 MP: 8/8
  5108 | D:7      | Received a gift from Trog
  5254 | D:7      | Found Weffaijytt's Magic Scroll Emporium.
  5258 | D:7      | Found Cinotocw's General Store.
  5269 | D:7      | Got a smoking dagger
  5374 | D:7      | Reached skill level 13 in Axes
  5563 | D:7      | Received a gift from Trog
  5753 | D:7      | Bought a scroll of enchant weapon for 105 gold pieces
  5753 | D:7      | Bought a scroll of enchant armour for 105 gold pieces
  6065 | D:8      | Reached skill level 14 in Axes
  7342 | D:9      | Reached skill level 15 in Axes
  7360 | D:9      | Reached XP level 10. HP: 81/81 MP: 9/9
  7455 | D:9      | Reached skill level 16 in Axes
  7762 | D:9      | Noticed a three-headed hydra
  7766 | D:9      | Killed a one-headed hydra
  7862 | D:9      | Reached skill level 17 in Axes
  8614 | D:9      | Reached XP level 11. HP: 66/86 MP: 10/10
  8617 | D:9      | Reached skill level 18 in Axes
  9240 | D:10     | Entered Level 10 of the Dungeon
  9709 | D:10     | Found a staircase to the Lair.
  9987 | D:10     | Noticed a two-headed ogre
 10004 | D:10     | Killed a two-headed ogre
 10210 | D:10     | Received a gift from Trog
 10620 | D:10     | Reached skill level 19 in Axes
 10976 | D:11     | Noticed Nergalle
 10984 | D:11     | Killed Nergalle
 11336 | D:11     | Noticed a brown ugly thing
 11346 | D:11     | Killed a brown ugly thing
 11512 | D:11     | Noticed a skeletal warrior
 11515 | D:11     | Noticed a skeletal warrior
 11520 | D:11     | Killed a skeletal warrior
 11525 | D:11     | Noticed a skeletal warrior
 11525 | D:11     | Noticed a red ugly thing
 11526 | D:11     | Killed a skeletal warrior
 11526 | D:11     | Reached skill level 20 in Axes
 11527 | D:11     | Noticed a skeletal warrior
 11528 | D:11     | Noticed a skeletal warrior
 11536 | D:11     | Killed a red ugly thing
 11542 | D:11     | Killed a skeletal warrior
 11546 | D:11     | Killed a skeletal warrior
 11546 | D:11     | Reached XP level 12. HP: 68/94 MP: 11/11
 11782 | D:12     | Noticed Erolcha
 11788 | D:12     | Killed Erolcha
 11970 | D:12     | Reached skill level 21 in Axes
 12001 | D:12     | You fall through a shaft!
 12002 | D:13     | Noticed a four-headed hydra
 12014 | D:13     | Killed a two-headed hydra
 12041 | D:13     | Found a gate to the Vaults.
 12041 | D:13     | Noticed a vault guard
 12041 | D:13     | Noticed a vault guard
 12041 | D:13     | Noticed a vault guard
 12041 | D:13     | Noticed a vault guard
 12068 | D:13     | Killed a vault guard
 12466 | D:13     | Killed a vault guard
 12466 | D:13     | Received a gift from Trog
 12466 | D:13     | Reached skill level 5 in Armour
 12505 | D:13     | Killed a vault guard
 12627 | D:13     | Killed a vault guard
 12801 | D:13     | Noticed a two-headed ogre
 12807 | D:13     | Killed a two-headed ogre
 12840 | D:13     | Reached XP level 13. HP: 105/107 MP: 12/12
 12852 | D:13     | Reached skill level 22 in Axes
 13468 | D:12     | Found a staircase to the Orcish Mines.
 13503 | D:12     | Found a roughly hewn altar of Beogh.
 13696 | D:12     | Noticed Nessos
 13713 | D:12     | Killed Nessos
 13713 | D:12     | Reached skill level 5 in Dodging
 14067 | D:12     | Reached skill level 10 in Fighting
 14170 | D:12     | Found Lauvayx's General Store.
 14255 | D:12     | Bought a potion of curing for 42 gold pieces
 14255 | D:12     | Bought a potion of heal wounds for 70 gold pieces
 14255 | D:12     | Bought a +2 pair of gloves for 231 gold pieces
 14603 | Lair:1   | Entered Level 1 of the Lair of Beasts
 14951 | Lair:1   | Reached ****** piety under Trog
 15169 | Lair:1   | Received a gift from Trog
 15609 | Lair:1   | Identified a scroll of acquirement
 15610 | Lair:1   | Got a coiled glass ring
 15611 | Lair:1   | Identified the ring "Cude" {rN+ Stlth+} (You acquired it on level 1 of the Lair of Beasts)
 15759 | Lair:2   | Found a staircase to the Snake Pit.
 15930 | Lair:2   | Reached XP level 14. HP: 120/124 MP: 13/13
 17105 | Lair:3   | Found a staircase to the Swamp.
 17676 | Lair:4   | You fall through a shaft!
 18163 | Lair:4   | Found a labyrinth entrance.
 19646 | Lair:5   | Reached skill level 1 in Stealth
 19736 | Lair:6   | Entered Level 6 of the Lair of Beasts
 19998 | Lair:6   | Found a staircase to the Slime Pits.
 20138 | Lair:6   | Reached skill level 10 in Armour
 20808 | Lair:6   | Paralysed by a hornet for 3 turns
 20829 | Lair:6   | HP: 3/132 [tyrant leech (19)]
 20834 | Lair:6   | HP: 5/198 [poisoned by a hornet]
 21000 | Lair:6   | Found a runed door.
 21012 | Lair:6   | Received a gift from Trog
 21142 | Lair:6   | Reached XP level 15. HP: 127/138 MP: 14/14
 21405 | Lair:6   | Received a gift from Trog
 21434 | Lair:6   | Got a wavering marble ring
 21435 | Lair:6   | Identified the ring "Nats" {rPois Str+3} (You acquired it on level 6 of the Lair of Beasts)
 21676 | Swamp:1  | Entered Level 1 of the Swamp
 22167 | Swamp:1  | Reached skill level 23 in Axes
 22789 | Orc:1    | Entered Level 1 of the Orcish Mines
 23018 | Orc:2    | Entered Level 2 of the Orcish Mines
 23131 | Orc:2    | Found a staircase to the Elven Halls.
 23269 | Orc:2    | Found Ymopimpe's Book Shop.
 23283 | Orc:2    | Noticed Rupert
 23293 | Orc:2    | Killed Rupert
 23295 | Orc:2    | Reached skill level 15 in Fighting
 23328 | Orc:2    | Found Kovies's Assorted Antiques.
 23328 | Orc:2    | Found Tiranam's Gadget Emporium.
 23333 | Orc:2    | Found Fapsess's General Store.
 23333 | Orc:2    | Found Oprenn's Antique Armour Shop.
 23423 | Orc:2    | Bought a scroll of enchant weapon for 97 gold pieces
 23426 | Orc:2    | Bought a scroll of enchant weapon for 262 gold pieces
 23426 | Orc:2    | Bought a scroll of enchant armour for 262 gold pieces
 23477 | Orc:2    | Noticed Donald
 23496 | Orc:2    | Killed Donald
 23692 | Orc:2    | Received a gift from Trog
 24815 | Swamp:4  | Entered Level 4 of the Swamp
 24938 | Swamp:4  | HP: 3/217 [spriggan rider/spear (11)]
 24939 | Swamp:4  | Noticed a thorn hunter
 24939 | Swamp:4  | Demolished by a spriggan rider

Vault maps used:
D:1:      erik_arrival_cave_to_civilisation
D:2:      serial_bayou_pond_b
D:3:      uniq_robin
D:5:      doesnt_xom_only_xom, temple_doors_ab, first_bread,
          cheibrodos_sewer_entry_sluice
D:6:      uniq_pikel
D:7:      serial_shops, shop, shop, nicolae_shop_behind_doors,
          nicolae_shop_window_shopping
D:8:      kennysheep_potato
D:9:      hangedman_ranch
D:10:     minmay_lair_entry_lava, minmay_misc_feat_rugged
D:11:     uniq_nergalle
D:12:     minmay_orc_entry_temple_small, serial_shops, shop, kennysheep_dice,
          uniq_nessos, uniq_erolcha
D:13:     minmay_open_boxes_in_corner, lightli_vaults_fourway_checkpoint
D:14:     enter_trove_6, dk_noncrumbling_4, uniq_roxanne
Lair:1:   st_stairs_4, infiniplex_staircase_pool_2
Lair:2:   minmay_lair_oklob_tunnel, guppyfry_snake_entry_island
Lair:3:   swamp_mist_pool
Lair:4:   lab_entry_generic, cheibrodos_lair_lostbears
Lair:6:   hangedman_lair_in_review, wormcave, minmay_slime_entry_pillars
Swamp:1:  evilmike_swamp_ruin_wall
Swamp:2:  infiniplex_staircase_pool
Swamp:3:  nicolae_swamp_triple_paths
Swamp:4:  swamp_vile, uniq_nikola
Orc:1:    lemuel_ogre_cave
Orc:2:    st_orc_ogre_mass, serial_shops, shop, uniq_rupert, uniq_donald
Sewer:    sewer_big_baddie

Skill      XL: |  1  2  3  4  5  6  7  8  9 10 11 12 13 14 15 |
---------------+----------------------------------------------+-----
Axes           | 4 5 6 7 9 12 15 17 20 21 22 23 | 23.4
Fighting       | 4 5 7 11 14 16 | 16.3
Armour         | 3 4 6 8 10 11 | 11.5
Dodging        | 3 4 6 8 9 |  9.3
Stealth        | 1 |  1.9

Action                   |  1- 3 |  4- 6 |  7- 9 | 10-12 | 13-15 || total
-------------------------+-------+-------+-------+-------+-------++-------
Melee: Hand axe          |    65 |   139 |       |       |       ||   204
       Headbutt          |     8 |    24 |    50 |    79 |   158 ||   319
       War axe           |       |    13 |   200 |       |       ||   213
       Battleaxe         |       |       |    54 |   422 |   715 ||  1191
Invok: Berserk           |       |     1 |       |     7 |    10 ||    18
       Burn Spellbooks   |       |       |     1 |     2 |     3 ||     6
       Brothers in Arms  |       |       |       |       |     1 ||     1
Evoke: Wand              |       |       |       |       |     2 ||     2
  Use: Scroll            |       |     7 |    10 |     6 |    29 ||    52
       Potion            |       |       |       |     2 |     2 ||     4
  Eat: Chunk             |       |     8 |    13 |    17 |    33 ||    71
       Royal jelly       |       |       |       |     3 |     4 ||     7
       Fruit             |       |       |       |     2 |     2 ||     4
       Bread ration      |       |       |       |       |     1 ||     1
Armor: Ring mail         |    18 |       |    28 |    95 |   163 ||   304
       Scale mail        |     7 |    62 |    11 |       |       ||    80
       Chain mail        |       |       |    35 |       |       ||    35
       Plate armour      |       |       |       |       |    35 ||    35
Dodge: Dodged            |    55 |   125 |   186 |   288 |   699 ||  1353
